 Dungeon Crawl Stone Soup version 0.22-a0-135-g6f012ad (webtiles) character file.

4 KristoblXynda the Sneak (level 1, 0/11 HPs)
             Began as an Octopode Enchanter on Jan 31, 2018.
             Slain by a hobgoblin
             ... wielding a +0 club
              (1 damage)
             ... on level 1 of the Dungeon.
             The game lasted 00:00:32 (48 turns).

KristoblXynda the Sneak (Octopode Enchanter)          Turns: 48, Time: 00:00:33

Health: 0/11       AC:  1    Str:  7    XL:     1   Next: 60%
Magic:  3/3        EV: 13    Int: 17    God:
Gold:   0          SH:  0    Dex: 12    Spells: 3/4 levels left

rFire    . . .     SeeInvis .   a - +1 dagger
rCold    . . .     Gourm    .   (no shield)
rNeg     . . .     Faith    .   (helmet restricted)
rPois    .         Spirit   .   (no amulet)
rElec    .         Reflect  .   (no ring)
rCorr    .         Harm     .   (no ring)
MR       .....                  (no ring)
Stlth    +++.......             (no ring)
HPRegen  0.03/turn              (no ring)
MPRegen  0.08/turn              (no ring)
                                (no ring)
                                (no ring)

@: no status effects
A: almost no armour, stealthy swim, amphibious, 8 rings, constrict 8, camouflage
1, gelatinous body 1
a: no special abilities


You were on level 1 of the Dungeon.
You were not hungry.

You visited 1 branch of the dungeon, and saw 1 of its levels.

Inventory:

Hand Weapons
 a - a +1 dagger (weapon)
Scrolls
 d - a scroll of enchant armour {unknown}
 e - a scroll of magic mapping {unknown}
Books
 b - a book of Maledictions

   Spells                             Type                      Level
   a - Corona                         Hexes                        1
   b - Ensorcelled Hibernation        Hexes/Ice                    2
   c - Confuse                        Hexes                        3
   d - Tukima's Dance                 Hexes                        3
   e - Dazzling Spray                 Conjuration/Hexes            3
Comestibles
 c - a ration


   Skills:
 - Level 1.0 Short Blades
 - Level 2.0 Dodging
 + Level 4.1 Stealth
 + Level 2.1 Spellcasting
 + Level 3.1 Hexes


You had 3 spell levels left.
You knew the following spells:

 Your Spells              Type           Power        Failure   Level  Hunger
a - Corona                Hex            ##.....      5%          1    #......


Dungeon Overview and Level Annotations

Branches:
Dungeon (1/15)

Altars:


Innate Abilities, Weirdness & Mutations

You cannot wear most types of armour.
You are very stealthy in the water. (Stealth+)
You are amphibious.
You can wear up to eight rings at the same time.
You can use your tentacles to constrict eight enemies at once.
Your skin changes colour to match your surroundings (Stealth+).
Your rubbery body absorbs attacks. (AC +1, EV +1)


Message History

A hobgoblin comes into view. It is wielding a club.
The hobgoblin shouts!
You hit the hobgoblin but do no damage. You squeeze the hobgoblin.
The hobgoblin is almost dead.
You constrict the hobgoblin.
You kill the hobgoblin!
A kobold comes into view.
You see here a club.
The hobgoblin hits you but does no damage.
The kobold shouts!
You hit the hobgoblin but do no damage. Your grab misses the hobgoblin.
The hobgoblin hits you with a club.
You hit the hobgoblin but do no damage. You grab the hobgoblin.
You constrict the hobgoblin, but do no damage.
The hobgoblin hits you with a club.
* * * LOW HITPOINT WARNING * * *
A goblin comes into view. It is wielding a dagger.
You barely miss the hobgoblin. You constrict the hobgoblin.
The hobgoblin hits you with a club.
You die...

#.########
..........# .
..........## ..
........).. ...
#........# ....
#........# ...g. ♣♣#
..#........#.K....
..#..
..#.......@g......
..#..
#.#.....)..#......
8.#.. ..+........#
.....
..##.##.#........#.
.... ..#
..#.#...............
8.#
#.#.#.......##+## ##
..# #.#.#..........
..# #...†...........
..# ##..#...........


You could see a hobgoblin, a goblin (wandering) and a kobold.

Vanquished Creatures
  A bat (D:1)
  A hobgoblin (D:1)
  A kobold (D:1)
3 creatures vanquished.

Notes
Turn   | Place    | Note
-------+----------+-------------------------------------------
     0 | D:1      | KristoblXynda the Octopode Enchanter began the quest for the Orb.
     0 | D:1      | Reached XP level 1. HP: 11/11 MP: 3/3
    48 | D:1      | Slain by a hobgoblin

Vault maps used:
D:1:      giann_forest_graveyard, st_stairs_11

Action                   || total
-------------------------++-------
Melee: Dagger            ||    11
       Constrict         ||     3
       Tentacles         ||     1
Armor: Skin              ||     1
Dodge: Dodged            ||     3

Table legend:
 A = Spawn XP
 B = Non-spawn XP
 C = Spawn XP percentage of total XP
 D = Spawn monster count
 E = Non-spawn monster count
 F = Spawn count percentage of total count
 G = Total turns spent on level
                    A         B        C        D         E        F      G
               +---------+---------+-------+---------+---------+-------+---------
         Total |       0 |       6 |   0.0 |       0 |       3 |   0.0 |    48
               +---------+---------+-------+---------+---------+-------+---------
           D:1 |       0 |       6 |   0.0 |       0 |       3 |   0.0 |    48
               +---------+---------+-------+---------+---------+-------+---------
